 Dungeon Crawl Stone Soup version 0.30-a0-241-g1121274140 (webtiles) character file.

Game seed: 1531365492922858081

7937 chippings the Arsonist (level 11, -7/99 HPs)
             Began as a Hill Orc Cinder Acolyte on Oct 10, 2022.
             Was a Believer of Ignis.
             Mangled by an Executioner (10 damage)
             ... on level 1 of the Abyss.
             The game lasted 00:33:40 (10138 turns).

chippings the Arsonist (Hill Orc Cinder Acolyte)   Turns: 10138, Time: 00:33:40

Health: -7/99      AC: 13    Str: 20    XL:     11   Next: 23%
Magic:  17/17      EV:  9    Int: 16    God:    Ignis [**....]
Gold:   522        SH:  7    Dex:  6    Spells: 16/18 levels left

rFire   + . .      SeeInvis +    w - +1 broad axe
rCold   . . .      Faith    .    D - +3 buckler
rNeg    . . .      Spirit   .    q - +0 scale mail
rPois   +          Reflect  .    u - +0 helmet
rElec   .          Harm     .    t - +2 cloak
rCorr   .          Rampage  .    (no gloves)
Will    .....                    (no boots)
Stlth   ..........               (no amulet)
HPRegen 0.36/turn                E - ring of see invisible
MPRegen 0.15/turn                G - ring of poison resistance

@: about to teleport, studying Armour
A: no striking features
a: Renounce Religion, Fiery Armour, Foxfire Swarm, Rising Flame


You were on level 1 of the Abyss.
You worshipped Ignis.
Ignis was pleased with you.
You visited 2 branches of the dungeon, and saw 9 of its levels.
You visited the Abyss 1 time.
You also visited: Bailey.

You collected 522 gold pieces.

Inventory:

Hand Weapons
 k - a +1 halberd
 w - a +1 broad axe (weapon)
Missiles
 p - a throwing net (quivered)
Armour
 q - a +0 scale mail (worn)
 t - a +2 cloak (worn)
 u - a +0 helmet (worn)
 D - a +3 buckler (worn)
Magical Staves
 C - a staff of air
Jewellery
 E - a ring of see invisible (left hand)
 G - a ring of poison resistance (right hand)
Wands
 y - a wand of charming (18)
 F - a wand of flame (15)
Scrolls
 a - a scroll of immolation
 b - 4 scrolls of noise
 c - 3 scrolls of identify
 d - a scroll of teleportation
 g - 2 scrolls of fog
 m - a scroll of torment
 n - 2 scrolls of fear
 r - 2 scrolls of silence
 s - 3 scrolls of magic mapping
 v - a scroll of amnesia
 B - a scroll of poison {unknown}
Potions
 e - 3 potions of flight
 f - a potion of resistance
 h - 3 potions of lignification
 i - 2 potions of curing
 j - a potion of berserk rage
 o - 2 potions of mutation
 x - a potion of ambrosia
 z - a potion of invisibility
 A - a potion of brilliance {unknown}


   Skills:
 + Level 9.6 Fighting
 + Level 4.7(8.4) Axes
 - Level 9.1(9.5) Polearms
 - Level 9.0 Armour
 + Level 3.7 Shields
 - Level 4.0 Spellcasting
 - Level 10.0 Fire Magic


You had 16 spell levels left.
You knew the following spells:

 Your Spells              Type           Power      Damage    Failure   Level
a - Scorch                Fire           70%        2d8       1%          2

Your spell library contained the following spells:

 Spells                   Type           Power      Damage    Failure   Level
 Necrotise                Necr           12%        1d4       47%         1
 Sandblast                Erth           6%         2d5       47%         1
 Shock                    Conj/Air       12%        1d3       47%         1
 Passwall                 Tmut/Erth      2%         N/A       63%         2
 Stone Arrow              Conj/Erth      6%         3d7       85%         3
 Swiftness                Air            3%         N/A       85%         3
 Vampiric Draining        Necr           3%         2d6       85%         3
 Airstrike                Air            1%         2d(1-17)  99%         4
 Agony                    Necr           3%         N/A       100%        5


Dungeon Overview and Level Annotations

Branches:
Dungeon (8/15)             Temple (1/1) D:4          Bailey (visited)
   Lair: D:8-11

Altars:
Ashenzari
Cheibriados
Elyvilon
Fedhas
Gozag
Hepliaklqana
Kikubaaqudgha
Makhleb
Nemelex Xobeh
Okawaru
Qazlal
Ru
Sif Muna
Uskayaw
Vehumet
Xom
Yredelemnul
The Shining One


Message History

The white imp gestures at you. The puff of frost misses you.
An Executioner comes into view.
The Executioner moves out of view.
Casting: Scorch (safe; 1% risk of failure)
Confirm with . or Enter, or press ? or * to list all spells.
Flames lash the white imp.
The white imp is burned terribly!
You kill the white imp!
Unknown command.
The Executioner gives a hideous shriek!
The Executioner gestures.
The Executioner seems to speed up.
As you read the scroll of teleportation, it crumbles to dust.
You feel strangely unstable.
You feel the power of the Abyss delaying your translocation!
The Executioner hits you!! The Executioner completely misses you.
You block the Executioner's attack. The Executioner hits you!
The Executioner barely misses you. x2
The Executioner hits you! The Executioner barely misses you. x2
The Executioner attacks as you move away!
The Executioner hits you. You block the Executioner's attack.
The Executioner hits you but does no damage.
The Executioner hits you!
* * * LOW HITPOINT WARNING * * *
You block the Executioner's attack.
The Executioner hits you but does no damage. x4
Blink to where?
Press: ? - help, Dir - move target
As you read the scroll of blinking, it crumbles to dust.
The Executioner attacks as you move away!
The Executioner hits you!
* * * LOW HITPOINT WARNING * * *
The Executioner hits you.
* * * LOW HITPOINT WARNING * * *
The Executioner hits you but does no damage.
A wraith comes into view.
You block the Executioner's attack. x2
The Executioner hits you but does no damage.
The Executioner hits you!
You die...

#. ...####..#
#....# #.#.##
#..#..#...#
#.......#
##..#.#.#
##...#..## . .
....#.#.# # .
....##..##1##.#
....#.#.#...@..##
# #.#.###.......#
. . #...#.##.# .
. #...### ..#
#...# #.# .... .
#.. ..W....##. ..
........ . .#.. .
. .


You could see an Executioner (fast) and a wraith.

Vanquished Creatures
  A vault guard (Bailey)
  A two-headed ogre (D:6)
  An anaconda zombie (Abyss:1)
  Prince Ribbit (Bailey)
  A small abomination (Abyss:1)
  5 yaks (D:8)
  4 humans (Bailey)
  2 water moccasins
  2 orc warriors
  An ice beast (D:7)
  3 black bears
  A sky beast (D:6)
  An ogre (D:4)
  3 centaurs
  3 phantoms
  A gnoll sergeant (D:7)
  14 bullfrogs
  A necrophage (D:6)
  5 scorpions
  12 killer bees
  3 howler monkeys (D:7)
  A jelly (D:8)
  5 orc priests
  7 hounds
  5 iguanas
  Natasha (D:2)
  13 orc wizards
  Robin (D:3)
  10 gnolls
  10 adders
  4 white imps
  4 dart slugs
  36 orcs
  11 endoplasms
  A giant cockroach (D:4)
  20 goblins
  18 hobgoblins
  10 kobolds
  4 quokkas
  14 ball pythons
  4 bats
  3 frilled lizards
  8 rats
256 creatures vanquished.

Vanquished Creatures (others)
  47 foxfires (D:6)
  9 fungi (D:4)
  2 starspawn tentacles (Abyss:1)
58 creatures vanquished.

Grand Total: 314 creatures vanquished

Notes
Turn   | Place    | Note
-------+----------+-------------------------------------------
     0 | D:1      | chippings the Hill Orc Cinder Acolyte began the quest for
                  | the Orb.
     0 | D:1      | Reached XP level 1. HP: 19/19 MP: 2/2
   174 | D:1      | Reached XP level 2. HP: 27/27 MP: 3/3
   473 | D:1      | Reached XP level 3. HP: 33/33 MP: 4/4
   477 | D:1      | Learned a level 2 spell: Scorch
   956 | D:2      | Reached skill level 4 in Fire Magic
  1330 | D:2      | Reached XP level 4. HP: 40/40 MP: 2/5
  1443 | D:2      | Noticed Natasha
  1483 | D:2      | Killed Natasha
  1484 | D:2      | Reached skill level 5 in Fire Magic
  1927 | D:3      | Reached XP level 5. HP: 46/46 MP: 6/6
  2123 | D:3      | Noticed Robin
  2134 | D:3      | Reached skill level 1 in Armour
  2142 | D:3      | Killed Robin
  2271 | D:3      | Noticed a phantom
  2285 | D:3      | Killed a phantom
  2286 | D:3      | Reached skill level 6 in Fire Magic
  2286 | D:3      | Reached XP level 6. HP: 37/52 MP: 3/7
  2452 | D:3      | Found a glowing golden altar of the Shining One.
  2747 | D:3      | Noticed a black bear
  2763 | D:3      | Killed a black bear
  2936 | D:3      | Found a faded altar of an unknown god.
  3162 | D:4      | Reached XP level 7. HP: 34/59 MP: 2/8
  3779 | D:4      | Reached skill level 5 in Polearms
  4343 | D:4      | Reached skill level 7 in Fire Magic
  4377 | D:4      | Found a staircase to the Ecumenical Temple.
  4382 | D:4      | Reached skill level 5 in Armour
  4388 | Temple   | Entered the Ecumenical Temple
  5098 | D:4      | Reached XP level 8. HP: 52/66 MP: 9/9
  5378 | D:5      | Entered Level 5 of the Dungeon
  5716 | D:5      | Reached skill level 5 in Fighting
  5998 | D:5      | Reached skill level 8 in Fire Magic
  6296 | D:4      | Reached XP level 9. HP: 35/74 MP: 3/10
  6639 | D:6      | Noticed a two-headed ogre
  6822 | D:6      | Killed a two-headed ogre
  7519 | D:6      | Reached skill level 9 in Fire Magic
  7683 | D:7      | Reached XP level 10. HP: 74/86 MP: 5/12
  7735 | D:7      | Found a flagged portal.
  7811 | Bailey   | Entered a bailey
  8252 | Bailey   | Noticed Prince Ribbit
  8252 | Bailey   | Noticed a vault guard
  8265 | Bailey   | Killed Prince Ribbit
  8267 | Bailey   | Killed a vault guard
  8268 | Bailey   | Reached skill level 10 in Fire Magic
  8628 | D:7      | Reached skill level 1 in Axes
  8894 | D:7      | Reached skill level 1 in Shields
  9632 | D:8      | Reached XP level 11. HP: 90/97 MP: 14/17
  9966 | Abyss:1  | Cast into level 1 of the Abyss (kobold brigand)
 10035 | Abyss:1  | Noticed a starcursed mass
 10063 | Abyss:1  | Noticed a tentacled starspawn
 10124 | Abyss:1  | Noticed an Executioner
 10138 | Abyss:1  | HP: 3/99 [Executioner (4)]
 10138 | Abyss:1  | Mangled by an Executioner

Illustrated notes

Levels and vault maps discovered:
D:1:      dpeg_arrival_fog, layout_loops_ring, minmay_statues_item
D:2:      layout_loops_ring, minmay_misc_feat_chi, uniq_natasha
D:3:      layout_loops_ring, marbit_many_paths,
          shapermc_ecumenical_altar_mp_vishouse, uniq_robin
D:4:      minmay_razor_zed, layout_basic, minmay_temple_entry_proselytizer,
          serial_aquarium, aquarium_bridge_square [aquarium_subvault_wall,
          aquarium_subvault_wall, aquarium_subvault_wall,
          aquarium_subvault_bridge], aquarium_window_corner,
          aquarium_window_fake, aquarium_view_2e, aquarium_view_2c,
          aquarium_balcony_5b
D:5:      layout_cave_pools, minmay_manual_mandibuliform
D:6:      kennysheep_spiral_hall, layout_rooms
D:7:      layout_basic, enter_bailey_3
D:8:      layout_loops_ring, david_lair_shrubbed
Temple:   minmay_temple_bridge_d
Abyss:1:  base: D:5, bh_abyss_exit_spiral, hangedman_decor_peaks_small,
          hangedman_decor_peaks_small

Skill      XL: |  1  2  3  4  5  6  7  8  9 10 11 |
---------------+----------------------------------+-----
Fighting       | 4 5 7 9 |  9.6
Polearms       | 4 5 6 8 9 |  9.1
Fire Magic     | 4 5 6 7 8 9 10 | 10.0
Armour         | 2 4 5 6 9 |  9.0
Spellcasting   | 4 |  4.0
Axes           | 3 4 |  4.7
Shields        | 2 3 |  3.7

Action                   |  1- 3 |  4- 6 |  7- 9 | 10-12 || total
-------------------------+-------+-------+-------+-------++-------
Melee: Spear             |   114 |   109 |       |       ||   223
       Punch             |     1 |     2 |       |       ||     3
       Halberd           |       |    34 |   262 |    82 ||   378
       Broad axe         |       |       |       |   147 ||   147
 Cast: Scorch            |     7 |    29 |    77 |    72 ||   185
Invok: Fiery Armour      |       |     1 |     2 |     3 ||     6
       Foxfire Swarm     |       |       |     2 |       ||     2
  Use: Potion            |       |     2 |     1 |     4 ||     7
       Scroll            |       |       |    17 |     5 ||    22
Armor: Robe              |    23 |     5 |       |       ||    28
       Scale mail        |       |    42 |   211 |   170 ||   423
       Skin              |       |       |       |    13 ||    13
Dodge: Dodged            |    51 |    71 |   125 |   113 ||   360
Block: Buckler           |       |       |       |    51 ||    51

Table legend: (Time is in decaauts)
 A = Elapsed time spent in this place.
 B = Non-inter-level travel time spent in this place.
 C = Inter-level travel time spent in this place.
 D = Time resting spent in this place.
 E = Time spent auto-exploring this place.
 F = Levels seen in this place.
 G = Mean time per level.
                   A        B        C        D        E       F      G
               +--------+--------+--------+--------+--------+-----+--------+
         Total |  10300 |  10044 |    256 |    565 |   6263 |  11 |  936.4 |
       Dungeon |   9380 |   9124 |    256 |    297 |   6010 |   8 | 1172.5 |
        Temple |    228 |    228 |      0 |      0 |    183 |   1 |  228.0 |
         Abyss |    183 |    183 |      0 |      0 |      0 |   1 |  183.0 |
        Bailey |    508 |    508 |      0 |    268 |     70 |   1 |  508.0 |
               +--------+--------+--------+--------+--------+-----+--------+

Top non-repeatable levels by time:
     D:4: 2192 daAuts
     D:5: 1363 daAuts
     D:3: 1307 daAuts
     D:7: 1096 daAuts
     D:1: 990 daAuts
     D:6: 827 daAuts
     D:8: 804 daAuts
     D:2: 797 daAuts
  Bailey: 508 daAuts
  Temple: 228 daAuts
 Abyss:1: 183 daAuts
